 Dungeon Crawl Stone Soup version 0.29-a0-872-g797fff5ad1 (webtiles) character file.

Game seed: 16535513692503651254

2709 porpoise the Trooper (level 9, -11/69 HPs)
             Began as a Djinni Hedge Wizard on July 19, 2022.
             Was a Believer of Makhleb.
             Mangled by a troll (16 damage)
             ... on level 9 of the Dungeon.
             The game lasted 00:38:24 (10034 turns).

porpoise the Trooper (Djinni Hedge Wizard)         Turns: 10034, Time: 00:38:25

Health: -11/69     AC:  4    Str:  9    XL:     9   Next: 98%
Gold:   542        EV: 16    Int: 25    God:    Makhleb [**....] SH:  0 Dex: 15

rFire   + + .      SeeInvis .   a - +2 dagger (drain)
rCold   x . .      Faith    .   (no shield)
rNeg    . . .      Spirit   .   F - +1 robe of Nyre {Drain rPois Int+7 Archmagi}
rPois   ∞          Reflect  .   c - +1 hat
rElec   .          Harm     .   (no cloak)
rCorr   .          Rampage  .   (no gloves)
Will    .....      Archmagi +   (boots unavailable)
Stlth   +++.......              (no amulet)
HPRegen 0.21/turn               E - +4 ring of evasion
MPRegen 0.00/turn               (no ring)

@: flying
A: sickness immunity, fire resistance 2, cold vulnerability 1, float, innate
caster, HP casting, extra vitality 1
a: Renounce Religion, Minor Destruction


You were on level 9 of the Dungeon.
You worshipped Makhleb.
Makhleb was pleased with you.
You visited 2 branches of the dungeon, and saw 10 of its levels.

You collected 542 gold pieces.

Inventory:

Hand Weapons
 a - a +2 dagger of draining (weapon)
 b - a +0 sling of chaos
 I - a +1 falchion of holy wrath
Missiles
 d - 4 javelins
 v - 13 poisoned darts
 y - 5 boomerangs of dispersal
 J - a curare-tipped dart
Armour
 c - a +1 hat (worn)
 j - a +0 robe
 D - a +3 leather armour of poison resistance
 F - the +1 robe of Nyre (worn) {Drain rPois Int+7 Archmagi}
   (You found it on level 5 of the Dungeon)

   Int:       It affects your intelligence (+7).
   rPois:     It protects you from poison.
   Drain:     It drains your maximum health when unequipped.
   Archmagi:  It increases the power of your magical spells.
Magical Staves
 n - a staff of air
 x - a staff of cold
Jewellery
 h - an amulet of the acrobat
 E - a +4 ring of evasion (left hand)
Wands
 s - a wand of polymorph (8)
 t - a wand of flame (23)
Scrolls
 e - 2 scrolls of vulnerability
 f - 2 scrolls of brand weapon
 g - a scroll of fog
 l - a scroll of torment
 o - a scroll of enchant armour
 q - 2 scrolls of summoning
 r - 2 scrolls of enchant weapon
 w - 2 scrolls of silence
 C - 2 scrolls of immolation
Potions
 i - 2 potions of lignification
 k - 4 potions of curing
 m - 2 potions of brilliance
 p - a potion of invisibility {unknown}
 u - a potion of heal wounds
 z - 2 potions of attraction
 B - 2 potions of mutation
 G - a potion of cancellation {unknown}
 H - a potion of resistance


   Skills:
 * Level 7.7 Fighting
 + Level 4.1 Short Blades
 - Level 1.1 Armour
 - Level 2.1 Dodging
 + Level 4.1 Stealth
 * Level 6.5 Spellcasting


You couldn't memorise any spells.
You knew the following spells:

 Your Spells              Type           Power      Damage    Failure   Level
a - Magic Dart            Conj           100%       1d8       1%          1
b - Blink                 Tloc           100%       N/A       1%          2
c - Call Imp              Summ           57%        N/A       1%          2
d - Slow                  Hex            100%       N/A       1%          1
e - Conjure Flame         Conj/Fire      57%        6-21      1%          3
f - Mephitic Cloud        Conj/Pois/Air  57%        N/A       1%          3
g - Anguish               Hex/Necr       28%        N/A       4%          4
s - Scorch                Fire           100%       2d10      1%          2
t - Apportation           Tloc           100%       N/A       1%          1
v - Poisonous Vapours     Pois/Air       100%       N/A       1%          2
Your spell library was empty.

Dungeon Overview and Level Annotations

Branches:
Dungeon (9/15)             Temple (1/1) D:4
   Lair: D:8-11         Orc: D:9-12

Altars:
Ashenzari
Cheibriados
Dithmenos
Elyvilon
Gozag
Hepliaklqana
Makhleb
Nemelex Xobeh
Okawaru
Qazlal
Ru
Trog
Uskayaw
Wu Jian
Xom
Yredelemnul
Zin
The Shining One

Shops:
D:1 (


Innate Abilities, Weirdness & Mutations

You are immune to sickness and miasma.
You are immune to poison.
Your flesh is very heat resistant. (rF++)
You are vulnerable to cold. (rC-)
You float through the air rather than walking.
You learn spells naturally, not from books.
Your magical power is your life essence.
You have superior vitality. (+4 MHP)


Message History

Aim: a two-headed ogre, wielding a +0 giant club and a +0 dire flail (severely wounded, lightly drained, chance to affect: 67%)
You feel a surge of power!
The ball explodes into a vile cloud!
The stinking cloud engulfs the two-headed ogre but does no damage.
The two-headed ogre is severely wounded.
The stinking cloud engulfs the bullfrog but does no damage.
The bullfrog is lightly wounded.
The stinking cloud engulfs you but does no damage.
The stinking cloud engulfs the troll but does no damage.
You hear a shout!
The bullfrog is engulfed in noxious fumes.
The bullfrog appears confused.
The bullfrog hits the two-headed ogre.
The bullfrog is engulfed in noxious fumes.
The bullfrog appears confused.
The bullfrog hits the two-headed ogre.
The troll completely misses you. The troll closely misses you.
The troll claws you!
* * * LOW HITPOINT WARNING * * *
Casting: Mephitic Cloud (safe; 1% risk of failure)
Confirm with . or Enter, or press ? or * to list all spells.
Aiming: Mephitic Cloud (safe; 1% risk of failure)
Press: ? - help, Shift-Dir - straight line, f/p - two-headed ogre
Aim: a two-headed ogre, wielding a +0 giant club and a +0 dire flail (noxious fumes, severely wounded, lightly drained, chance to affect: 67%)
Okay, then.
Unknown command.
You feel much better.
The bullfrog is engulfed in noxious fumes.
The bullfrog appears confused.
The two-headed ogre is engulfed in noxious fumes.
The two-headed ogre misses you.
The two-headed ogre hits you with a +0 dire flail!
The troll misses you. The troll claws you! The troll claws you.
* * * LOW HITPOINT WARNING * * *
The bullfrog is engulfed in noxious fumes.
The bullfrog appears confused.
The orc priest invokes the aid of Beogh against you.
Beogh smites you!
* * * LOW HITPOINT WARNING * * *
The air fills with toxic fumes!
As you read the scroll of poison, it crumbles to dust.
The troll bites you!
You die...

#........... §§§§§§§§§§#
#..........) §§§§§§§§§§#
#........... §§z§§§§§§§#
#........... §§§§§§§§§§#
#........... §§§§§§§§§§#
#........... §§§F§§§o°§#
#........... §§§§.°☼T§§#
#...........
§§§§§☼O@§§###...........
§§§§§○§§§§§§§§§.........
########################


You could see a two-headed ogre (drained), a troll, a bullfrog (confused), a
wight and an orc priest.

Vanquished Creatures
  The ghost of zeratav the Stinger, an amateur OpCj (D:4)
  3 ice beasts
  3 orc warriors (D:8)
  A phantom (D:7)
  A kobold brigand (D:8)
  A necrophage (D:7)
  2 bullfrogs
  A gnoll sergeant (D:8)
  2 scorpions (D:5)
  8 wights (D:8)
  A killer bee (D:4)
  4 howler monkeys
  4 hounds
  2 jellies
  6 orc priests
  A gnoll bouda (D:6)
  2 iguanas
  3 orc wizards
  11 gnolls
  8 adders
  4 ufetubi
  3 worms
  2 dart slugs
  36 orcs
  7 endoplasms
  3 giant cockroaches
  4 goblins
  6 hobgoblins
  8 jackals
  11 kobolds
  6 quokkas
  2 ball pythons
  5 bats
  3 frilled lizards
  A goblin zombie (D:8)
  5 rats
  A rat zombie (D:8)
172 creatures vanquished.

Vanquished Creatures (collateral kills)
  An orc (D:7)
1 creature vanquished.

Grand Total: 173 creatures vanquished

Notes
Turn   | Place    | Note
-------+----------+-------------------------------------------
     0 | D:1      | porpoise the Djinni Hedge Wizard began the quest for the
                  | Orb.
     0 | D:1      | porpoise set off with the following spells memorised: Magic
                  | Dart, Blink, Call Imp, Slow, Conjure Flame, Mephitic Cloud.
     0 | D:1      | Reached XP level 1. HP: 15/15 MP: 0/0
   548 | D:1      | Reached XP level 2. HP: 22/22 MP: 0/0
   780 | D:1      | Reached skill level 1 in Fighting
  1059 | D:1      | Found Deet's Weapon Emporium.
  1154 | D:1      | Found a faded altar of an unknown god.
  1524 | D:2      | Reached XP level 3. HP: 24/27 MP: 0/0
  1524 | D:2      | Learned a level 1 spell: Apportation
  2202 | D:3      | Reached XP level 4. HP: 33/33 MP: 0/0
  2219 | D:3      | Reached skill level 1 in Short Blades
  2301 | D:3      | You are sucked into a shaft and drop 2 floors!
  2301 | D:5      | Entered Level 5 of the Dungeon
  2327 | D:5      | Reached skill level 2 in Fighting
  2488 | D:4      | Reached XP level 5. HP: 37/39 MP: 0/0
  2488 | D:4      | Learned a level 2 spell: Scorch
  2517 | D:4      | Found a staircase to the Ecumenical Temple.
  2533 | Temple   | Entered the Ecumenical Temple
  2884 | D:3      | Found a sparkling altar of Nemelex Xobeh.
  3857 | D:4      | Reached skill level 3 in Fighting
  4084 | D:4      | Reached XP level 6. HP: 25/46 MP: 0/0
  4645 | D:4      | Found a shadowy altar of Dithmenos.
  4645 | D:4      | Found a hazy altar of Hepliaklqana.
  4645 | D:4      | Found a snail-covered altar of Cheibriados.
  4867 | D:4      | Found a basalt altar of Yredelemnul.
  4874 | D:4      | Found a bloodstained altar of Trog.
  4880 | D:4      | Found a sacrificial altar of Ru.
  4881 | D:4      | Found a burning altar of Makhleb.
  4886 | D:4      | Became a worshipper of Makhleb the Destroyer
  4888 | D:4      | Found a runed translucent door.
  4894 | D:4      | Noticed zeratav's ghost (amateur OpCj)
  4908 | D:4      | Killed zeratav's ghost
  4909 | D:4      | Reached skill level 4 in Fighting
  4909 | D:4      | Reached XP level 7. HP: 6/53 MP: 0/0
  4909 | D:4      | Learned a level 2 spell: Poisonous Vapours
  5756 | D:5      | Identified the +1 robe of Nyre {Drain rPois Int+7 Archmagi}
  5785 | D:5      | Reached skill level 5 in Fighting
  5785 | D:5      | Reached skill level 1 in Armour
  5909 | D:5      | Reached XP level 8. HP: 56/59 MP: 0/0
  6129 | D:6      | Reached skill level 5 in Spellcasting
  6842 | D:6      | Reached * piety under Makhleb
  6866 | D:6      | Found an ornate altar of the Wu Jian Council.
  7325 | D:7      | Reached skill level 6 in Fighting
  7533 | D:7      | Reached XP level 9. HP: 55/66 MP: 0/0
  7533 | D:7      | Learned a level 4 spell: Anguish
  8102 | D:8      | Reached skill level 7 in Fighting
  8116 | D:8      | HP: 1/68 [wight/+1 flail of protection (11)]
  8118 | D:8      | Reached ** piety under Makhleb
  9880 | D:9      | Noticed Maggie
 10019 | D:9      | Noticed a two-headed ogre
 10026 | D:9      | Noticed a troll
 10034 | D:9      | Mangled by a troll

Illustrated notes

Levels and vault maps discovered:
D:1:      ncdulo_watergridlock, layout_basic, chequers_ecumenical_altar_simple,
          serial_shops, shop, chequers_serial_rivers_marsh,
          minmay_small_reverse_x
D:2:      layout_basic
D:3:      layout_basic, nemelex_spade_bored_becter, wad_orctagon
D:4:      layout_gridville, nicolae_overflow_hallway_of_the_gods,
          minmay_temple_entry_trees, ebering_ghost_inner_flame
D:5:      layout_basic, lemuel_old_faithful
D:6:      layout_loops_ring, kennysheep_mini
D:7:      layout_basic, serial_rivers, chequers_serial_rivers_marsh,
          chequers_serial_rivers_large_a, chequers_serial_rivers_room_b,
          chequers_serial_rivers_micro_b, chequers_serial_rivers_room_a,
          chequers_serial_rivers_micro_a
D:8:      layout_basic, serial_co_window_serial, co_window_cross_1,
          co_window_corner_a, co_window_corner_a, co_window_paths_a,
          co_window_paths_b, co_window_corner_a, co_window_paths_a,
          co_window_corner_b, co_window_cross_3, co_window_corner_b,
          glass_columns_b, glass_columns_c, glass_columns_b, glass_columns_a,
          enter_ossuary_4
D:9:      layout_small_grid, uniq_grum, uniq_maggie
Temple:   hellmonk_temple_of_storms

Skill      XL: |  1  2  3  4  5  6  7  8  9 |
---------------+----------------------------+-----
Fighting       | 1 2 3 4 5 6 7 |  7.7
Stealth        | 2 3 4 |  4.1
Short Blades   | 1 2 3 4 |  4.1
Spellcasting   | 3 4 5 6 |  6.5
Armour         | 1 |  1.1
Dodging        | |  2.1

Action                   |  1- 3 |  4- 6 |  7- 9 || total
-------------------------+-------+-------+-------++-------
Melee: Dagger            |    34 |   136 |   138 ||   308
       Punch             |       |     1 |     4 ||     5
 Fire: Sling             |    40 |    28 |    64 ||   132
 Cast: Magic Dart        |    28 |    12 |       ||    40
       Mephitic Cloud    |       |    16 |    18 ||    34
       Call Imp          |       |     1 |     1 ||     2
       Scorch            |       |    18 |    80 ||    98
  Use: Scroll            |       |       |    20 ||    20
       Potion            |       |       |     2 ||     2
 Stab: Confused          |       |     4 |    13 ||    17
       Sleeping          |       |     1 |       ||     1
Armor: Robe              |     9 |    13 |    11 ||    33
       Leather armour    |       |       |     1 ||     1
Dodge: Dodged            |    24 |    93 |    87 ||   204

Table legend: (Time is in decaauts)
 A = Elapsed time spent in this place.
 B = Non-inter-level travel time spent in this place.
 C = Inter-level travel time spent in this place.
 D = Time resting spent in this place.
 E = Time spent auto-exploring this place.
 F = Levels seen in this place.
 G = Mean time per level.
                   A        B        C        D        E       F      G
               +--------+--------+--------+--------+--------+-----+--------+
         Total |  10025 |   9850 |    175 |   3909 |   4415 |  10 | 1002.5 |
       Dungeon |   9950 |   9782 |    168 |   3909 |   4356 |   9 | 1105.6 |
        Temple |     75 |     68 |      7 |      0 |     59 |   1 |   75.0 |
               +--------+--------+--------+--------+--------+-----+--------+

Top non-repeatable levels by time:
     D:8: 1954 daAuts
     D:3: 1618 daAuts
     D:4: 1462 daAuts
     D:1: 1339 daAuts
     D:6: 999 daAuts
     D:5: 815 daAuts
     D:2: 812 daAuts
     D:7: 766 daAuts
     D:9: 181 daAuts
  Temple: 75 daAuts
